 Dungeon Crawl Stone Soup version 0.29-a0-925-g0a7a3d12f8 (webtiles) character file.

Game seed: 1243664755111161137

83 ZappyNine the Trooper (level 4, -5/25 HPs)
             Began as a Vine Stalker Fighter on July 28, 2022.
             Slain by a kobold
             ... wielding a +3 whip
              (6 damage)
             ... on level 4 of the Dungeon.
             The game lasted 00:02:08 (2641 turns).

ZappyNine the Trooper (Vine Stalker Fighter)        Turns: 2641, Time: 00:02:09

Health: -5/25      AC:  6    Str: 19    XL:     4   Next: 44%
Magic:  0/5        EV:  9    Int:  8    God:
Gold:   103        SH:  5    Dex: 15    Spells: 3/3 levels left

rFire   . . .      SeeInvis .   g - +0 short sword (drain)
rCold   . . .      Faith    .   c - +0 buckler
rNeg    . . .      Spirit   +   b - +0 scale mail
rPois   .          Reflect  .   (no helmet)
rElec   .          Harm     .   (no cloak)
rCorr   .          Rampage  .   (no gloves)
Will    .....                   (no boots)
Stlth   ..........              (no amulet)
HPRegen 0.88/turn               (no ring)
MPRegen 0.09/turn               (no ring)

@: no status effects
A: fangs 2, regeneration 1, magic shield, antimagic bite, no potion heal 2
a: no special abilities


You were on level 4 of the Dungeon.
You visited 1 branch of the dungeon, and saw 4 of its levels.

You collected 103 gold pieces.

Inventory:

Hand Weapons
 g - a +0 short sword of draining (weapon)
Armour
 b - a +0 scale mail (worn)
 c - a +0 buckler (worn)
Jewellery
 m - an amulet of faith
Scrolls
 e - 5 scrolls of identify {unknown}
 h - 4 scrolls of magic mapping {unknown}
 i - a scroll of enchant weapon {unknown}
 k - a scroll of torment {unknown}
 n - a scroll of teleportation {unknown}
Potions
 a - a potion of magic {unknown}
 d - a potion of attraction {unknown}
 f - a potion of lignification {unknown}
 j - a potion of heal wounds {unknown}
 l - a potion of curing


   Skills:
 + Level 3.7 Fighting
 + Level 3.1 Short Blades
 - Level 2.4 Armour
 - Level 2.6 Shields


You had 3 spell levels left.
You didn't know any spells.
Your spell library contained the following spells:

 Spells                   Type           Power      Damage    Failure   Level
 Necrotise                Necr           0%         1d4       87%         1
 Ignite Poison            Fire/Tmut/Pois 0%         N/A       99%         3
 Mephitic Cloud           Conj/Pois/Air  0%         N/A       99%         3
 Vampiric Draining        Necr           0%         2d6       99%         3
 Agony                    Necr           0%         N/A       100%        5
 Freezing Cloud           Conj/Ice/Air   0%         6-21      100%        5


Dungeon Overview and Level Annotations

Branches:
Dungeon (4/15)
 Temple: D:4-7

Altars:

Annotations:
D:4 Dowan, Duvessa


Innate Abilities, Weirdness & Mutations

You have extremely sharp teeth.
Your natural rate of healing is unusually fast.
When hurt, damage is shared between your health and your magic reserves.
Your bite disrupts and absorbs the magic of your enemies.
Potions cannot restore your health.


Message History

Duvessa is heavily wounded.
Duvessa hits you but does no damage. The kobold closely misses you.
You barely miss Duvessa. You bite Duvessa. You drain her power.
Duvessa is severely wounded.
Duvessa hits you with a +0 rapier. You block the kobold's attack.
The orc suddenly grunts.
You completely miss Duvessa. You bite Duvessa. You drain her power.
Duvessa is severely wounded.
Duvessa closely misses you. The kobold hits you with a +3 whip.
You hit Duvessa but do no damage. You drain Duvessa. Your bite misses Duvessa.
Duvessa is severely wounded.
Duvessa hits you with a +0 rapier. The kobold hits you with a +3 whip!
* * * LOW HITPOINT WARNING * * *
You hit Duvessa but do no damage.
Duvessa is severely wounded.
You block Duvessa's attack. The kobold hits you with a +3 whip.
* * * LOW HITPOINT WARNING * * *
You hit Duvessa. You drain Duvessa.
Duvessa is almost dead.
Duvessa closely misses you. The kobold barely misses you.
Dowan whispers, "It won't be long now."
The orc hits you but does no damage.
You closely miss Duvessa.
Duvessa is almost dead.
Duvessa hits you but does no damage. You block the kobold's attack.
The orc hits you with a +0 flail.
* * * LOW HITPOINT WARNING * * *
You hit Duvessa.
Duvessa is almost dead.
Duvessa drinks a potion.
Duvessa is healed!
The kobold hits you with a +3 whip.
* * * LOW HITPOINT WARNING * * *
You block the orc's attack.
Dowan gestures at Duvessa while chanting.
Duvessa seems to speed up.
You hit Duvessa but do no damage.
Duvessa is severely wounded.
Duvessa hits you with a +0 rapier.
* * * LOW HITPOINT WARNING * * *
The kobold hits you with a +3 whip!
You die...

..## ....... # #.#.
......?.. ..#...
..........
......##.......)..
........e.:.<......
...................
......eKo..........
.......@.............
.................(...
..............#.....#
.....#........#....#
.....#..#.....#....# ##
...........#..#....##.##
......)................#
............#..........#
..........#..........#


You could see Duvessa (fast, very drained), Dowan (very drained), an orc and a
kobold.

Vanquished Creatures
  A gnoll (D:2)
  3 adders (D:4)
  A white imp (D:3)
  An orc (D:4)
  5 ball pythons
  3 endoplasms
  4 giant cockroaches
  4 goblins (D:3)
  A hobgoblin (D:3)
  2 jackals (D:3)
  4 kobolds
  A quokka (D:3)
  2 frilled lizards
  5 rats
37 creatures vanquished.

Notes
Turn   | Place    | Note
-------+----------+-------------------------------------------
     0 | D:1      | ZappyNine the Vine Stalker Fighter began the quest for the
                  | Orb.
     0 | D:1      | Reached XP level 1. HP: 11/11 MP: 2/2
   649 | D:1      | Reached XP level 2. HP: 16/16 MP: 3/3
  1215 | D:2      | Reached XP level 3. HP: 10/20 MP: 2/4
  1410 | D:2      | You fall into a shaft and drop 1 floor!
  1684 | D:3      | HP: 1/20 [white imp (4)]
  2056 | D:3      | Identified the +1 robe of Kufel {Rampage rPois rF+}
  2550 | D:4      | Gained mutation: Your natural rate of healing is unusually
                  | fast. [Vine Stalker growth]
  2550 | D:4      | Reached XP level 4. HP: 25/25 MP: 5/5
  2595 | D:4      | Identified the +1 leather armour of the Skies Above {rC+}
  2619 | D:4      | Noticed Dowan
  2620 | D:4      | Noticed Duvessa
  2640 | D:4      | HP: 1/25 [kobold/+3 whip (2)]
  2641 | D:4      | Slain by a kobold

Illustrated notes

Levels and vault maps discovered:
D:1:      nicolae_arrival_memento_mori, layout_basic,
          nicolae_kite_square_tiling_tiny
D:2:      layout_basic, serial_glass, glass_columns_b, glass_columns_b,
          basic_altar, serial_bayou_pond_d, grunt_decor_one_mirror,
          kennysheep_nondescript, minmay_misc_feat_four_crosses,
          minmay_octomino_e4
D:3:      layout_loops_ring, glass_columns_c, kennysheep_generic_room_8
D:4:      layout_cave_pools, minmay_hollow_rounded_squares, uniq_duvessa

Skill      XL: |  1  2  3 |
---------------+----------+-----
Short Blades   | 2 3 |  3.1
Fighting       | 3 |  3.7
Armour         | |  2.4
Shields        | |  2.6

Action                   |  1- 3 |  4- 6 || total
-------------------------+-------+-------++-------
Melee: Rapier            |    12 |       ||    12
       Short sword       |    75 |    28 ||   103
       Bite              |    22 |     5 ||    27
  Use: Potion            |     1 |       ||     1
Armor: Scale mail        |    28 |     7 ||    35
Dodge: Dodged            |    20 |    10 ||    30
Block: Buckler           |    18 |     6 ||    24

Table legend: (Time is in decaauts)
 A = Elapsed time spent in this place.
 B = Non-inter-level travel time spent in this place.
 C = Inter-level travel time spent in this place.
 D = Time resting spent in this place.
 E = Time spent auto-exploring this place.
 F = Levels seen in this place.
 G = Mean time per level.
                   A        B        C        D        E       F      G
               +--------+--------+--------+--------+--------+-----+--------+
         Total |   2643 |   2577 |     66 |    332 |   1939 |   4 |  660.8 |
       Dungeon |   2643 |   2577 |     66 |    332 |   1939 |   4 |  660.8 |
               +--------+--------+--------+--------+--------+-----+--------+

Top non-repeatable levels by time:
     D:3: 1125 daAuts
     D:1: 923 daAuts
     D:2: 489 daAuts
     D:4: 105 daAuts
